PAAA
PHOENIX HOTSPUR RESERVES @ JERSEY CITY TRITONS
08/10/2033
 
TOP OF THE 1ST
Phoenix Hotspur Reserves batting - Pitching for Jersey City Tritons : RHP Jack Salt
Pitching: RHP Jack Salt
Batting: RHB Lopahin Davletyarov 0-0: Swinging Strike
0-1: Ball
1-1: Ball
2-1: Ball
3-1: Foul Ball, location: 2F
3-2: Strikes out swinging
Batting: RHB Sinfronio Vitor 0-0: Hit by Pitch
Batting: RHB Martín Talia 0-0: Ball
1-0: Ball
2-0: Ball
3-0: Called Strike
3-1: Called Strike
Sinfronio Vitor steals 2nd base
3-2: SINGLE (Groundball, 6MD)
Sinfronio Vitor to third
Runner from 3rd tries for Home, SAFE, throw made home
Batting: RHB Hieronymus Bosch Pickoff Throw to First - Error! E1
Martín Talia to second
0-0: Ball
1-0: Fly out, F8 (Flyball, 89D)
Runner from 2nd tags up, SAFE at 3rd, no throw
Batting: LHB Jason DeGeorge 0-0: Ball
1-0: Called Strike
1-1: Ball
2-1: Ball
3-1: Base on Balls
Batting: RHB Solomon Norment 0-0: Called Strike
0-1: Ball
1-1: Called Strike
1-2: Ball
2-2: Strikes out swinging
Top of the 1st over - 1 run, 1 hit, 1 error, 2 left on base; Phoenix 1 - Jersey City 0
BOTTOM OF THE 1ST
Jersey City Tritons batting - Pitching for Phoenix Hotspur Reserves : LHP Ricardo Sánchez
Pitching: LHP Ricardo Sánchez
Batting: RHB Steven Rohrs 0-0: Ball
1-0: Swinging Strike
1-1: Ball
2-1: Ball
3-1: Fly out, F7 (Line Drive, 7)
Batting: LHB Bart Walton 0-0: Called Strike
0-1: Ball
1-1: Foul Ball, location: 2F
1-2: Ground out 6-3 (Groundball, 6)
Batting: RHB Carlos Rúbio 0-0: Called Strike
0-1: Ball
1-1: Ground out 6-3 (Groundball, 6)
Bottom of the 1st over - 0 runs, 0 hits, 0 errors, 0 left on base; Phoenix 1 - Jersey City 0
TOP OF THE 2ND
Phoenix Hotspur Reserves batting - Pitching for Jersey City Tritons : RHP Jack Salt
Batting: RHB José Souza 0-0: Foul Ball, location: 2F
0-1: Fly out, F7 (Flyball, 78S)
Batting: RHB Germán Alfaro 0-0: Called Strike
0-1: Called Strike
0-2: Strikes out swinging
Batting: RHB Francisco Arriagada 0-0: Foul Ball, location: 2F
0-1: Called Strike
0-2: Ball
1-2: Ball
2-2: Strikes out swinging
Top of the 2nd over - 0 runs, 0 hits, 0 errors, 0 left on base; Phoenix 1 - Jersey City 0
BOTTOM OF THE 2ND
Jersey City Tritons batting - Pitching for Phoenix Hotspur Reserves : LHP Ricardo Sánchez
Batting: LHB Shelby Noonan 0-0: Ball
1-0: Foul Ball, location: 2F
1-1: Swinging Strike
1-2: Foul Ball, location: 2F
1-2: Ball
2-2: Fly out, F8 (Flyball, 89D)
Batting: RHB Brian Moring 0-0: Ball
1-0: Foul Ball, location: 2F
1-1: Swinging Strike
1-2: Strikes out swinging
Batting: LHB Dana Waldrip 0-0: Ball
1-0: Reached on error, E2 (Groundball, 2R)
Batting: RHB Rand McNally 0-0: Fly out, F3 (Popup, 3)
Bottom of the 2nd over - 0 runs, 0 hits, 1 error, 1 left on base; Phoenix 1 - Jersey City 0
TOP OF THE 3RD
Phoenix Hotspur Reserves batting - Pitching for Jersey City Tritons : RHP Jack Salt
Batting: RHB Lopahin Davletyarov 0-0: SINGLE (Groundball, 34D)
Batting: RHB Sinfronio Vitor 0-0: Foul Ball, location: 2F
0-1: Ball
1-1: Fielders Choice at 2nd, 1-4 (Groundball, 15S)
Batting: RHB Martín Talia 0-0: Foul Ball, location: 2F
0-1: Ball
1-1: Foul Ball, location: 2F
1-2: Foul Ball, location: 2F
1-2: Foul Ball, location: 2F
1-2: Ball
2-2: Ground out 5-3 (Groundball, 56S)
Sinfronio Vitor to second
Batting: RHB Hieronymus Bosch 0-0: Called Strike
0-1: Fly out, F7 (Flyball, 7D)
Top of the 3rd over - 0 runs, 1 hit, 0 errors, 1 left on base; Phoenix 1 - Jersey City 0
BOTTOM OF THE 3RD
Jersey City Tritons batting - Pitching for Phoenix Hotspur Reserves : LHP Ricardo Sánchez
Batting: LHB Bartholomew Bailey 0-0: Called Strike
0-1: Ball
1-1: Foul Ball, location: 2F
1-2: Ball
2-2: Ball
3-2: Base on Balls
Batting: LHB Rio Mence 0-0: Called Strike
0-1: Ball
1-1: Foul Ball, location: 2F
1-2: Ball
2-2: Foul Ball, location: 2F
2-2: Ball
Wild Pitch!
Bartholomew Bailey to second
3-2: Base on Balls
Batting: RHB Steven Rohrs 0-0: Fielders Choice at 2nd, 1-4 (Groundball, 15)
Bartholomew Bailey to third
Batting: LHB Bart Walton 0-0: Ball
1-0: Called Strike
1-1: Fielders Choice at 2nd, 3-6 (Groundball, 3)
Bartholomew Bailey scores
Batting: RHB Carlos Rúbio 0-0: Called Strike
0-1: Ball
1-1: Ball
2-1: Swinging Strike
2-2: Fly out, F6 (Popup, 6MD)
Bottom of the 3rd over - 1 run, 0 hits, 0 errors, 1 left on base; Phoenix 1 - Jersey City 1
TOP OF THE 4TH
Phoenix Hotspur Reserves batting - Pitching for Jersey City Tritons : RHP Jack Salt
Batting: LHB Jason DeGeorge 0-0: Ball
1-0: Fly out, F8 (Flyball, 8LM)
Batting: RHB Solomon Norment 0-0: Ball
1-0: Ball
2-0: Called Strike
2-1: Ball
3-1: Called Strike
3-2: Base on Balls
Batting: RHB José Souza 0-0: Ball
1-0: Ball
2-0: Ball
3-0: Called Strike
3-1: Swinging Strike
3-2: Strikes out looking
Solomon Norment is caught stealing 2nd base
Batter strikes out.
Top of the 4th over - 0 runs, 0 hits, 0 errors, 0 left on base; Phoenix 1 - Jersey City 1
BOTTOM OF THE 4TH
Jersey City Tritons batting - Pitching for Phoenix Hotspur Reserves : LHP Ricardo Sánchez
Batting: LHB Shelby Noonan 0-0: Foul Ball, location: 2F
0-1: Foul Ball, location: 2F
0-2: Strikes out swinging
Batting: RHB Brian Moring 0-0: Ball
1-0: Ball
2-0: Called Strike
2-1: Foul Ball, location: 2F
2-2: Foul Ball, location: 2F
2-2: Fly out, F9 (Flyball, 9LS)
Batting: LHB Dana Waldrip 0-0: Called Strike
0-1: Ball
1-1: DOUBLE (Line Drive, 89M)
Pinch Runner at 2nd Micheal Lovell:
Batting: RHB Rand McNally 0-0: Called Strike
0-1: Ball
1-1: Foul Ball, location: 2F
1-2: Ball
2-2: Ball
3-2: Ground out 1-3 (Groundball, P)
Bottom of the 4th over - 0 runs, 1 hit, 0 errors, 1 left on base; Phoenix 1 - Jersey City 1
TOP OF THE 5TH
Phoenix Hotspur Reserves batting - Pitching for Jersey City Tritons : RHP Jack Salt
Now at SS: Micheal Lovell
Batting: RHB Germán Alfaro 0-0: SINGLE (Line Drive, 89M)
Batting: RHB Francisco Arriagada 0-0: Ball
Wild Pitch!
Germán Alfaro to second
1-0: Foul Ball, location: 2F
1-1: Called Strike
1-2: Foul Ball, location: 2F
1-2: Ball
2-2: Strikes out looking
Batting: RHB Lopahin Davletyarov 0-0: Called Strike
0-1: Foul Ball, location: 2F
0-2: Strikes out swinging
Batting: RHB Sinfronio Vitor 0-0: Ground out 4-3 (Groundball, 6M)
Top of the 5th over - 0 runs, 1 hit, 0 errors, 1 left on base; Phoenix 1 - Jersey City 1
BOTTOM OF THE 5TH
Jersey City Tritons batting - Pitching for Phoenix Hotspur Reserves : LHP Ricardo Sánchez
Batting: LHB Bartholomew Bailey 0-0: Ground out U3 (Groundball, 34)
Batting: LHB Rio Mence 0-0: Ball
1-0: Ball
2-0: Foul Ball, location: 2F
2-1: Reached on error, E6 (Groundball, 6)
Batting: RHB Steven Rohrs 0-0: Called Strike
0-1: SINGLE (Line Drive, 34)
Rio Mence to second
Batting: LHB Bart Walton 0-0: Ball
1-0: Ball
2-0: Fly out, F7 (Flyball, 7LSF)
Batting: RHB Carlos Rúbio 0-0: Ball
1-0: Called Strike
1-1: Foul Ball, location: 2F
1-2: Ball
2-2: Strikes out looking
Bottom of the 5th over - 0 runs, 1 hit, 1 error, 2 left on base; Phoenix 1 - Jersey City 1
TOP OF THE 6TH
Phoenix Hotspur Reserves batting - Pitching for Jersey City Tritons : RHP Jack Salt
Batting: RHB Martín Talia 0-0: SINGLE (Groundball, 56D)
Batting: RHB Hieronymus Bosch 0-0: Ball
1-0: Foul Ball, location: 2F
1-1: Ball
2-1: Swinging Strike
2-2: Ball
3-2: Fly out, F7 (Line Drive, 78D)
Batting: LHB Jason DeGeorge 0-0: Ball
1-0: Ball
Martín Talia steals 2nd base
2-0: Called Strike
2-1: Ball
3-1: SINGLE (Groundball, 56D)
Martín Talia to third
Runner from 3rd tries for Home, SAFE, throw made home
Batting: RHB Solomon Norment 0-0: Ball
1-0: Called Strike
1-1: Ball
2-1: Fly out, F8 (Flyball, 8RD)
Batting: RHB José Souza 0-0: Ball
1-0: Ball
2-0: Ball
3-0: Called Strike
3-1: Ground out 4-3 (Groundball, 34)
Top of the 6th over - 1 run, 2 hits, 0 errors, 1 left on base; Phoenix 2 - Jersey City 1
BOTTOM OF THE 6TH
Jersey City Tritons batting - Pitching for Phoenix Hotspur Reserves : LHP Ricardo Sánchez
Batting: LHB Shelby Noonan 0-0: Fly out, F9 (Flyball, 89M)
Batting: RHB Brian Moring 0-0: Ball
1-0: SINGLE (Groundball, 6D)
Batting: RHB Micheal Lovell 0-0: Ball
1-0: Called Strike
1-1: Ball
2-1: Ground out 4-3 (Groundball, 34)
Brian Moring to second
Batting: RHB Rand McNally 0-0: Called Strike
0-1: Ball
1-1: Ball
2-1: Foul Ball, location: 2F
2-2: Ball
3-2: Base on Balls
Batting: LHB Bartholomew Bailey 0-0: SINGLE (Groundball, 6D)
Brian Moring to third
Rand McNally to second
Runner from 3rd tries for Home, SAFE, no throw
Batting: LHB Rio Mence 0-0: Ball
1-0: Foul Ball, location: 2F
1-1: Called Strike
1-2: Ground out U3 (Groundball, 3)
Bottom of the 6th over - 1 run, 2 hits, 0 errors, 2 left on base; Phoenix 2 - Jersey City 2
TOP OF THE 7TH
Phoenix Hotspur Reserves batting - Pitching for Jersey City Tritons : RHP Jack Salt
Batting: RHB Germán Alfaro 0-0: Ball
1-0: Ground out 6-3 (Groundball, 6)
Pinch Hitting: LHB António Escalante 0-0: Called Strike
0-1: Swinging Strike
0-2: Ground out 4-3 (Groundball, 4D)
Batting: RHB Lopahin Davletyarov 0-0: Ball
1-0: Called Strike
1-1: SINGLE (Groundball, 6MS) (infield hit)
Pitching: RHP Juan Valdéz
Batting: RHB Sinfronio Vitor 0-0: Ball
Lopahin Davletyarov steals 2nd base
1-0: Called Strike
1-1: Ball
2-1: Called Strike
2-2: Strikes out swinging
Top of the 7th over - 0 runs, 1 hit, 0 errors, 1 left on base; Phoenix 2 - Jersey City 2
BOTTOM OF THE 7TH
Jersey City Tritons batting - Pitching for Phoenix Hotspur Reserves : LHP Ricardo Sánchez
Now at 1B: Satoshi Terada
Batting: RHB Steven Rohrs 0-0: Called Strike
0-1: Foul Ball, location: 2F
0-2: Foul Ball, location: 2F
0-2: Ground out 5-3 (Groundball, 56S)
Batting: LHB Bart Walton 0-0: Swinging Strike
0-1: Foul Ball, location: 2F
0-2: Ball
1-2: Strikes out looking
Batting: RHB Carlos Rúbio 0-0: Called Strike
0-1: Ball
1-1: Ball
2-1: Ball
3-1: Called Strike
3-2: Ground out 1-3 (Groundball, 13S)
Bottom of the 7th over - 0 runs, 0 hits, 0 errors, 0 left on base; Phoenix 2 - Jersey City 2
TOP OF THE 8TH
Phoenix Hotspur Reserves batting - Pitching for Jersey City Tritons : RHP Juan Valdéz
Batting: RHB Martín Talia 0-0: Ball
1-0: Ball
2-0: Called Strike
2-1: Swinging Strike
2-2: Ball
3-2: Base on Balls
Batting: RHB Hieronymus Bosch 0-0: Ball
1-0: Called Strike
1-1: Called Strike
1-2: Grounds into double play, 6-4-3 (Groundball, 6)
Batting: LHB Jason DeGeorge 0-0: Called Strike
0-1: Ball
1-1: SINGLE (Groundball, 56D)
Batting: RHB Solomon Norment 0-0: Ball
1-0: Foul Ball, location: 2F
1-1: Foul Ball, location: 2F
1-2: Fly out, F9 (Flyball, 9LMF)
Top of the 8th over - 0 runs, 1 hit, 0 errors, 1 left on base; Phoenix 2 - Jersey City 2
BOTTOM OF THE 8TH
Jersey City Tritons batting - Pitching for Phoenix Hotspur Reserves : LHP Ricardo Sánchez
Pitching: RHP Vernon Turner
Batting: LHB Shelby Noonan 0-0: Called Strike
0-1: Foul Ball, location: 2F
0-2: Fly out, F7 (Flyball, 7D)
Batting: RHB Brian Moring 0-0: Ball
1-0: Swinging Strike
1-1: Swinging Strike
1-2: DOUBLE (Line Drive, 7LM)
Pinch Hitting: RHB Julián Salcido 0-0: Intentional Walk
Batting: RHB Rand McNally 0-0: Ball
1-0: Called Strike
1-1: Fly out, F3 (Popup, 34S)
Batting: LHB Bartholomew Bailey 0-0: Foul Ball, location: 2F
0-1: Ball
1-1: Ball
2-1: Ball
3-1: Foul Ball, location: 2F
3-2: Base on Balls
Brian Moring to third
Julián Salcido to second
Batting: LHB Rio Mence 0-0: Ball
1-0: Ball
2-0: Ball
3-0: Called Strike
3-1: Base on Balls
Brian Moring scores
Julián Salcido to third
Bartholomew Bailey to second
Batting: RHB Steven Rohrs 0-0: Ball
1-0: Fly out, F4 (Line Drive, 4M)
Bottom of the 8th over - 1 run, 1 hit, 0 errors, 3 left on base; Phoenix 2 - Jersey City 3
TOP OF THE 9TH
Phoenix Hotspur Reserves batting - Pitching for Jersey City Tritons : RHP Juan Valdéz
Pitching: RHP Jason Martin
Now at C: Alfonso Morín
Now at 1B: Víctor Robledo
Now at SS: Anastasio Hernández
Batting: RHB José Souza 0-0: Called Strike
0-1: Foul Ball, location: 2F
0-2: Ball
1-2: Strikes out swinging
Batting: RHB Germán Alfaro 0-0: Foul Ball, location: 2F
0-1: Ball
1-1: Called Strike
1-2: Strikes out swinging
Batting: RHB Satoshi Terada 0-0: Foul Ball, location: 2F
0-1: Ball
1-1: Called Strike
1-2: Ball
2-2: Ground out 5-3 (Groundball, 56S)
Top of the 9th over - 0 runs, 0 hits, 0 errors, 0 left on base; Phoenix 2 - Jersey City 3
Saturday, December 22nd, 2018 - OOTP Baseball 18.8 Build 76